 Dungeon Sprint DCSS version 0.29.1-15-g9cfb28693d (webtiles) character file.

Game seed: 7662182184044996521

0 boopmooplesden the Shield-Bearer (level 1, 0/19 HPs)
             Began as a Minotaur Fighter on Mar 19, 2023.
             Slain by a neqoxec (1 damage)
             ... in the Dungeon (Sprint II: "The Violet Keep of Menkaure").
             The game lasted 00:00:07 (16 turns).

boopmooplesden the Shield-Bearer (Minotaur Fighter)   Turns: 16, Time: 00:00:07

Health: 0/19       AC:  8    Str: 20    XL:     1   Next: 0%
Magic:  0/0        EV:  9    Int: -2 (5) God:
Gold:   0          SH:  4    Dex:  9    Spells: 0/0 levels left

rFire   . . .      SeeInvis .   a - +0 war axe
rCold   . . .      Faith    .   c - +0 buckler
rNeg    . . .      Spirit   .   b - +0 scale mail
rPois   .          Reflect  .   (helmet restricted)
rElec   .          Harm     .   (no cloak)
rCorr   .          Rampage  .   (no gloves)
Will    .....      NoTele   +   (no boots)
Stlth   ..........              (no amulet)
HPRegen 0.06/turn               (no ring)
MPRegen 0.07/turn               (no ring)

@: on berserk cooldown, slowed, lost intelligence, unable to read, very slow
A: horns 2, retaliatory headbutt, iridescent scales 1
a: no special abilities


You were in the Dungeon.
You visited 1 branch

Inventory:

Hand Weapons
 a - a +0 war axe (weapon)
Armour
 b - a +0 scale mail (worn)
 c - a +0 buckler (worn)
Scrolls
 j - a scroll of blinking
Potions
 d - a potion of might
 e - a potion of curing
 f - a potion of heal wounds
 g - a potion of haste
 h - 2 potions of magic


   Skills:
 + Level 3.6 Fighting
 + Level 2.4 Axes
 + Level 3.6 Armour
 + Level 3.6 Shields


You couldn't memorise any spells.
You didn't know any spells.
Your spell library was empty.

Dungeon Overview and Level Annotations

Branches:
Dungeon (1/1)

Altars:


Innate Abilities, Weirdness & Mutations

You have a pair of horns on your head.
You reflexively headbutt those who attack you in melee.
You are partially covered in iridescent scales. (AC +2)


Message History

You feel dopey. Something feeds on your intellect! The neqoxec hits you!
You closely miss the neqoxec.
The neqoxec is moderately wounded.
You closely miss the neqoxec.
The neqoxec is moderately wounded.
You block the neqoxec's attack.
You slash the neqoxec!
The neqoxec is severely wounded.
The neqoxec misses you.
You barely miss the neqoxec. Your headbutt misses the neqoxec.
The neqoxec is severely wounded.
The neqoxec gestures at you.
You feel dopey. Something feeds on your intellect!
You completely miss the neqoxec. You headbutt the neqoxec.
The neqoxec is severely wounded.
The neqoxec hits you but does no damage.
The neqoxec gestures at you.
You feel dopey.
You have lost your intelligence.
Something feeds on your intellect! The neqoxec hits you. The neqoxec hits you!
* * * LOW HITPOINT WARNING * * *
The neqoxec hits you.
* * * LOW HITPOINT WARNING * * *
The neqoxec hits you but does no damage.
You can move again.
You hit the neqoxec.
The neqoxec is almost dead.
The neqoxec barely misses you. The neqoxec gestures at you.
You feel dopey. Something feeds on your intellect!
You miss the neqoxec. You headbutt the neqoxec.
You kill the neqoxec!
You are no longer berserk.
You are exhausted.
You feel yourself slow down. The neqoxec hits you.
You die...

###
##
..##.
33.
#3#
##@##
+.<.+
##.##
#+#


You could see 3 neqoxecs.

Vanquished Creatures
  A neqoxec (D)
1 creature vanquished.

Notes
Turn   | Place    | Note
-------+----------+-------------------------------------------
     0 | D        | boopmooplesden the Minotaur Fighter began the quest for the
                  | Orb.
     0 | D        | Reached XP level 1. HP: 19/19 MP: 0/0
     1 | D        | Noticed a neqoxec
     1 | D        | Noticed a neqoxec
     1 | D        | Noticed a neqoxec
     1 | D        | Noticed a neqoxec
     3 | D        | Gained mutation: You are partially covered in iridescent
                  | scales. (AC +2) [a neqoxec]
    10 | D        | Lost intelligence.
    16 | D        | Killed a neqoxec
    16 | D        | Slain by a neqoxec

Illustrated notes

Levels and vault maps discovered:
D:        the_violet_keep_of_menkaure [sprint2_stairs_cluster_1,
          sprint2_shoproom, sprint2_temple, sprint2_basic_supplies,
          sprint2_obstacle_4, sprint2_obstacle_5, sprint2_obstacle_3,
          sprint2_obstacle_1, sprint2_obstacle_7, sprint2_timed_cluster_1,
          sprint2_smallroom_cluster_1, sprint2_smallroom_final_cluster_1,
          sprint2_transparent_cluster_1, sprint2_second_timed_cluster_1,
          sprint2_sniper_area_1, sprint2_heavy_combat_area_1,
          sprint2_mutation_trap_area_1, sprint2_forest_area_1,
          sprint2_light_combat_area_1, sprint2_behind_water_1,
          sprint2_near_end_vault_1]

Action                   || total
-------------------------++-------
Melee: War axe           ||    10
       Headbutt          ||     2
  Use: Potion            ||     1
Armor: Scale mail        ||     2
Dodge: Dodged            ||     4
Block: Buckler           ||     1
